 Dungeon Crawl Stone Soup version 0.18-a0-425-ge088ad1 (webtiles) character file.

88 xeno23 the Gusty (level 4, -1/33 HPs)
             Began as a Demigod Air Elementalist on Nov 30, 2015.
             Slain by Sigmund
             ... wielding a +2 scythe of slicing
              (5 damage)
             ... on level 3 of the Dungeon.
             The game lasted 00:07:44 (1734 turns).

xeno23 the Gusty (Demigod Air Elementalist)         Turns: 1734, Time: 00:07:50

Health: -1/33      AC:  2    Str: 13    XL:     4   Next: 9%
Magic:  7/11       EV: 12    Int: 19    God:
Gold:   139        SH:  0    Dex: 16    Spells: 4 memorised, 0 levels left

rFire  . . .     SeeInvis .     g - +0 hand axe (chop)
rCold  . . .     Clarity  .     n - +0 robe {rN+}
rNeg   + . .     SustAt   +     (no shield)
rPois  .         Gourm    .     p - +0 hat
rElec  .         Spirit   .     (no cloak)
rCorr  .         Dsmss    .     (no gloves)
rMut   .         Stasis   .     (no boots)
MR     .....                    (no amulet)
Stlth  ++........               (no ring)
                                o - ring of flight

@: very slightly contaminated, repel missiles, not resistant to hostile
enchantments, unstealthy
A: high mp 1, sustain attributes
a: Evoke Flight


You were on level 3 of the Dungeon.
You were not hungry.

You visited 1 branch of the dungeon, and saw 3 of its levels.

You collected 139 gold pieces.

Inventory:

Hand Weapons
 g - a +0 hand axe of chopping (weapon)
Armour
 n - a +0 robe of positive energy (worn)
 p - a +0 hat (worn)
Jewellery
 o - a ring of flight (left hand)
Scrolls
 d - a scroll of amnesia {unknown}
 e - a scroll of enchant armour {unknown}
 f - a scroll of remove curse
 h - 2 scrolls of teleportation {unknown}
 i - 2 scrolls of identify {unknown}
 q - 2 scrolls of fear {unknown}
 u - a scroll of recharging {unknown}
Potions
 a - a potion of degeneration {unknown}
 j - a potion of brilliance {unknown}
 k - 2 potions of heal wounds
 l - a potion of curing {unknown}
 m - a potion of cure mutation {unknown}
Books
 b - a book of Air

   Spells                             Type                      Level
   a - Shock                          Conjuration/Air              1
   b - Swiftness                      Charms/Air                   2
   c - Repel Missiles                 Charms/Air                   2
   d - Static Discharge               Conjuration/Air              3
   e - Lightning Bolt                 Conjuration/Air              5
Comestibles
 c - 2 bread rations
 r - a meat ration
 s - 4 chunks of flesh
 t - a beef jerky


   Skills:
 - Level 1.7 Dodging
 - Level 1.7 Stealth
 + Level 0.1 Unarmed Combat
 + Level 2.8 Spellcasting
 + Level 1.6 Conjurations
 + Level 3.6 Air Magic


You couldn't memorise any spells.
You knew the following spells:

 Your Spells              Type           Power        Failure   Level  Hunger
a - Shock                 Conj/Air       ##..         8%          1    None
b - Swiftness             Chrm/Air       #.......     12%         2    ##.....
q - Static Discharge      Conj/Air       ##......     17%         3    ###....
r - Repel Missiles        Chrm/Air       #.....       12%         2    ##.....


Dungeon Overview and Level Annotations

Branches:
Dungeon (3/15)

Annotations:
D:3 Sigmund


Innate Abilities, Weirdness & Mutations

You have an increased reservoir of magic (+10% MP).
Your attributes are resistant to harm.


Message History

You start to feel a little faster.
You feel less confused.
A magic dart appears from out of thin air!
The magic dart hits you!
You take 7 damage.
Read which item? (? for menu, Esc to quit)
As you read the scroll labeled MOVIUFULEC, it crumbles to dust.
You feel blessed for a moment.
It was a scroll of remove curse.
You no longer feel sluggish.
Read which item? (? for menu, Esc to quit)
Okay, then.
Drink which item? (? for menu, Esc to quit)
Okay, then.
Something barely misses you.
Casting: Swiftness
Confirm with . or Enter, or press ? or * to list all spells.
You miscast Static Discharge.
You are very lightly contaminated with residual magic.
Wisps of smoke drift from your hands. Something hits you!
* * * LOW HITPOINT WARNING * * *
You die...

###)#
###...##
###...#..##
###...###...†
###...###
###..
###...### ##.
##...### #.
#.{### #.
#@## #. #.#
#. #.# #.
#.## #..#
##.## #..#
########.##
..........#


There were no monsters in sight!

Vanquished Creatures
  3 adders
  2 oozes
  A worm (D:2)
  2 giant geckos
  An orc (D:3)
  A ball python (D:2)
  4 giant cockroaches
  5 hobgoblins
  5 bats
  4 giant newts
  9 goblins
  3 kobolds
  12 rats
52 creatures vanquished.

Notes
Turn   | Place    | Note
--------------------------------------------------------------
     0 | D:1      | xeno23 the Demigod Air Elementalist began the quest for the Orb.
     0 | D:1      | Reached XP level 1. HP: 14/14 MP: 5/5
   247 | D:1      | Reached skill level 3 in Air Magic
   247 | D:1      | Reached skill level 1 in Conjurations
   251 | D:1      | Reached XP level 2. HP: 8/20 MP: 0/7
   970 | D:2      | Reached XP level 3. HP: 23/26 MP: 6/9
  1307 | D:2      | Learned a level 2 spell: Swiftness
  1310 | D:2      | Learned a level 2 spell: Repel Missiles
  1639 | D:3      | Reached XP level 4. HP: 24/33 MP: 4/11
  1671 | D:3      | Noticed Sigmund
  1690 | D:3      | Learned a level 3 spell: Static Discharge
  1734 | D:3      | Slain by Sigmund

Vault maps used:
D:1:      evilmike_arrival_rings, minmay_box_of_dots
D:3:      nicolae_ru_path_of_blood, hex_large, uniq_sigmund

Action                   |  1- 3 |  4- 6 || total
-------------------------+-------+-------++-------
Melee: Unarmed           |     6 |       ||     6
       Hand axe          |    35 |       ||    35
 Cast: Shock             |    91 |     4 ||    95
       Repel Missiles    |     1 |       ||     1
       Swiftness         |       |     1 ||     1
  Use: Scroll            |       |     1 ||     1
       Potion            |       |     1 ||     1
 Stab: Sleeping          |     1 |       ||     1
  Eat: Chunk             |     3 |       ||     3
